 Dungeon Crawl Stone Soup version 0.30.0-11-gf55b779eaf (console) character file.

Game seed: 8787628095925378343

187487 jejorda2 the Phalangite (level 18, -2/231 HPs)
             Began as a Merfolk Berserker on May 16, 2023.
             Was the Champion of Trog.
             Killed by an exploding jorogumo (5 damage)
             ... ignited by their inner flame
             ... on level 3 of the Spider Nest.
             The game lasted 01:21:46 (30752 turns).

jejorda2 the Phalangite (Merfolk Berserker)        Turns: 30752, Time: 01:21:47

Health: -2/231     AC: 43    Str: 26      XL:     18   Next: 51%
Magic:  16/18      EV:  9    Int:  7 (8)  God:    Trog [******]
Gold:   928        SH:  0    Dex: 15      Spells: 17/17 levels left

rFire   + . .        a - +5 bardiche (flame)
rCold   + + +        (shield currently unavailable)
rNeg    . . .        S - +13 plate armour of Dishonour {Int+2}
rPois   +            N - +1 helmet "Dataof" {rPois rC+}
rElec   +            T - +2 cloak {rCorr}
rCorr   +            O - +2 pair of gloves
SInv    .            D - +0 pair of boots
Will    ++++.        l - amulet "Eguysche" {Faith rElec rF+ Str+2} Stlth
                     F - ring "Odougiu" {rC++ Will+}
HPRegen 1.58/turn    g - +4 ring of protection
MPRegen 0.16/turn

%: faith
@: berserking, strong-willed, regenerating, slowed
A: (nimble swimmer 2), mertail
a: Renounce Religion, Berserk, Trog's Hand, Brothers in Arms


You were on level 3 of the Spider Nest.
You worshipped Trog.
Trog was exalted by your worship.
You visited 4 branches of the dungeon, and saw 25 of its levels.
You also visited: Ice Cave and Volcano.

You collected 2886 gold pieces.
You spent 1958 gold pieces at shops.

Inventory:

Hand Weapons
 a - a +5 bardiche of flaming (weapon)
 b - a +1 antimagic bardiche
Missiles
 d - 274 stones
 n - 20 boomerangs
 q - 20 javelins
 v - 46 poisoned darts (quivered)
 y - 4 throwing nets
 H - 3 boomerangs of dispersal
 P - 5 curare-tipped darts
Armour
 D - a +0 pair of boots (worn)
 N - the +1 helmet "Dataof" (worn) {rPois rC+}
   (You bought it in a shop on level 2 of the Orcish Mines)

   rC:        It protects you from cold.
   rPois:     It protects you from poison.
 O - a +2 pair of gloves (worn)
 Q - a +2 helmet
 S - the +13 plate armour of Dishonour (worn) {Int+2}
   (You bought it in a shop on level 2 of the Orcish Mines)

   Int:       It affects your intelligence (+2).
 T - a +2 cloak of preservation (worn)
Jewellery
 g - a +4 ring of protection (right hand)
 l - the amulet "Eguysche" (around neck) {Faith rElec rF+ Str+2}
   (You acquired it on level 1 of the Lair of Beasts)

   [amulet of faith]

   It allows you to gain divine favour quickly.
   Str:       It affects your strength (+2).
   rF:        It protects you from fire.
   rElec:     It insulates you from electricity.
 F - the ring "Odougiu" (left hand) {rC++ Will+}
   (You found it in an ice cave)

   [ring of willpower]

   rC:        It greatly protects you from cold.
   Will:      It increases your willpower.
 G - a ring of flight
 Y - a ring of positive energy
Wands
 e - a wand of polymorph (14)
 k - a wand of roots (16)
 x - a wand of flame (26)
 K - a wand of paralysis (16)
 U - a wand of light (9)
Scrolls
 f - 2 scrolls of fear
 h - a scroll of enchant weapon
 i - a scroll of silence
 p - 7 scrolls of fog
 r - a scroll of magic mapping
 E - 2 scrolls of enchant armour
 J - a scroll of poison
 L - 2 scrolls of blinking
 M - 7 scrolls of teleportation
Potions
 c - 2 potions of mutation
 j - 3 potions of attraction
 m - 6 potions of resistance
 o - 5 potions of cancellation
 t - 9 potions of heal wounds
 u - 12 potions of curing
 w - 4 potions of might
 z - a potion of flight
 A - 4 potions of invisibility
 B - a potion of magic
 R - a potion of haste
Miscellaneous
 I - a phial of floods


   Skills:
 + Level 17.0 Fighting
 - Level 24.0 Polearms
 + Level 15.6 Throwing
 - Level 11.3 Armour
 - Level 2.6 Dodging
 - Level 7.0 Evocations


You had 17 spell levels left.
You didn't know any spells.
Your spell library was empty.

Dungeon Overview and Level Annotations

Branches:
Dungeon (15/15)            Temple (0/1) D:7            Lair (5/5) D:8
  Swamp (0/4) Lair:3       Spider (3/4) Lair:3        Slime (0/5) Lair:4
    Orc (2/2) D:11            Elf (0/3) Orc:2        Vaults (0/5) D:14
 Depths (0/4) D:15          IceCv (visited)         Volcano (visited)

Altars:
Ashenzari
Cheibriados
Dithmenos
Elyvilon
Fedhas
Gozag
Kikubaaqudgha
Makhleb
Nemelex Xobeh
Okawaru
Qazlal
Ru
Sif Muna
Trog
Vehumet
Xom
Yredelemnul

Shops:
D:3 (   D:9 =   Orc:2 (=?[:

Portals:
Trove: D:11 (show abyssal rune of Zot)

Annotations:
Spider:3 1 transporter, exclusion: orange crystal statue


Innate Abilities, Weirdness & Mutations

((You are very nimble when in or above water. (Stealth+, EV+, Speed+++)))
Your lower body shifts to a powerful aquatic tail in water.


Message History

* * * LOW HITPOINT WARNING * * *
The emperor scorpion stings you but does no damage.
The emperor scorpion claws you but does no damage.
The emperor scorpion closely misses you.
The jorogumo is engulfed in blazing flames.
Flame seeps out of the jorogumo.
The jorogumo stares at you and mumbles some strange words.
The stream of webbing hits you but does no damage.
You are caught in a web!
Unknown command.
Unknown command.
The death scarab bites you.
* * * LOW HITPOINT WARNING * * *
The death scarab drains your vigour!
You feel yourself slow down.
The death scarab draws strength from your injuries!
The demonic crawler hits you but does no damage. x2
The demonic crawler completely misses you.
The broodmother bites you but does no damage.
The emperor scorpion stings you but does no damage.
The emperor scorpion claws you.
* * * LOW HITPOINT WARNING * * *
The emperor scorpion claws you but does no damage.
The spark wasp stings you but does no damage.
The radroach bites you.
* * * LOW HITPOINT WARNING * * *
The radroach claws you but does no damage.
The emperor scorpion stings you!
* * * LOW HITPOINT WARNING * * *
The emperor scorpion barely misses you.
The emperor scorpion claws you but does no damage.
The jorogumo is engulfed in blazing flames.
Flame seeps out of the jorogumo.
The jorogumo hits you but does no damage.
Unknown command.
You chop the jorogumo into pieces!!! You burn the jorogumo.
Trog accepts your kill.
Trog appreciates your killing of a magic user.
The jorogumo explodes!
The fiery explosion engulfs you. You resist.
You die...

.#.........##..^.#...#..#.#^..##^
^####...?...#.......##..#....##..
.^.#....................#........
...#########..#########..........
.........^^#.##.......##.....####
#............#8..#.#..8#.....^...
.............#..#s§.#$=#.##......
.......^.....#.sB°§s.=|#..#......
......###...©#sy@y8s.$©#©..#..##.
.....##......#.sssBs.[}#...#...##
..####....#..#..#sw.#$$#.###...†#
....#.....#..#8..#.#..8#.†)#.....
....########.##.......##..######.
....#.........#########........##
#..^#..^........................#
#...#.##..^...#..................
#...###...#...#.^............^#..


You could see a broodmother (inner flame), 3 emperor scorpions, a radroach
(inner flame), an orange crystal statue, 2 spark wasps, a torpor snail
(summoned), a demonic crawler (summoned), a wolf spider (summoned), a jumping
spider (summoned), a death scarab (inner flame) and 3 redbacks.

Vanquished Creatures
  An emperor scorpion (Spider:1)
  4 ghost moths
  2 broodmothers
  Nessos (Lair:4)
  A dire elephant (Lair:5)
  An ettin (Orc:2)
  A fire dragon (D:15)
  5 entropy weavers
  8 vault guards (D:14)
  Harold (Orc:1)
  2 ice dragons
  4 hydras
  Erolcha (D:12)
  3 jorogumos (Spider:3)
  11 boulder beetles
  3 catoblepae
  A merfolk avatar (Lair:5)
  Erica (D:8)
  2 ogre magi (Orc:2)
  A dancing weapon (Lair:1)
  5 centaur warriors
  A death knight (D:14)
  4 two-headed ogres
  7 death yaks
  The ghost of adizb the Arsonist, a novice DgFE (Lair:1)
  Amaemon (D:8)
  A hell knight (Volcano)
  10 skeletal warriors (D:12)
  5 pharaoh ants
  A sea snake (Lair:5)
  7 orb spiders
  4 skysharks
  5 steelbarb worms
  2 bog bodies (Lair:3)
  A wizard (D:13)
  9 orc sorcerers (Orc:2)
  15 wolf spiders
  4 manticores
  3 cyclopes
  An elephant (shapeshifter) (D:15)
  20 ugly things
  17 elephants
  2 ice statues (IceCv)
  6 torpor snails
  5 demonic crawlers
  A gargoyle (D:8)
  3 black mambas (Lair:5)
  An orange demon (D:8)
  12 cane toads
  2 freezing wraiths (D:15)
  6 rime drakes
  6 komodo dragons
  2 unseen horrors (D:12)
  A rime drake (shapeshifter) (D:14)
  Psyche (D:8)
  3 kobold demonologists (D:9)
  2 ice devils (D:13)
  A tengu conjurer (D:12)
  2 trolls
  A wind drake (shapeshifter) (D:13)
  2 hornets
  4 polar bears
  2 wind drakes (Lair:5)
  9 blink frogs
  8 tarantellas
  A snapping turtle (Lair:5)
  4 centaur simulacra (D:13)
  3 shadows
  18 culicivoras
  13 jumping spiders
  2 wraiths (D:10)
  3 slime creatures (D:14)
  33 yaks
  7 fire bats (Volcano)
  A vampire (D:11)
  6 wyverns
  5 basilisks
  43 redbacks
  3 steam dragons
  9 vampire mosquitoes
  4 swamp worms (Lair:3)
  A warg (Orc:1)
  4 acid dragons
  2 hell hounds (Orc:1)
  12 water moccasins
  14 orc warriors
  A meliai simulacrum (D:14)
  3 ice beasts
  A sky beast (D:8)
  4 black bears
  A black bear (shapeshifter) (D:14)
  8 ogres
  A phantom (D:5)
  20 wolves
  17 centaurs
  8 kobold brigands
  3 gnoll sergeants
  5 bullfrogs
  6 scorpions
  6 jellies
  7 wights
  10 killer bees
  8 howler monkeys
  4 lindwurm simulacra (IceCv)
  3 electric eels
  4 crimson imps (D:9)
  6 komodo dragon simulacra (IceCv)
  7 lava snakes (Volcano)
  8 hounds
  9 gnoll boudas
  14 orc priests
  2 sleepcaps
  Jessica (D:2)
  Terence (D:2)
  4 iguanas
  39 orc wizards
  2 hell rats (Lair:4)
  45 gnolls
  4 acid dragon simulacra (IceCv)
  7 adders
  9 river rats (Lair:4)
  A shadow imp (D:5)
  5 white imps
  An ufetubus (D:4)
  7 steam dragon simulacra (IceCv)
  4 worms (D:2)
  2 dart slugs
  91 orcs
  9 endoplasms
  4 giant cockroaches
  6 goblins
  2 hobgoblins (D:1)
  14 jackals
  4 quokkas
  6 ball pythons
  4 bats
  A frilled lizard (D:2)
  31 kobolds
  4 rats
922 creatures vanquished.

Vanquished Creatures (collateral kills)
  A cane toad (Lair:5)
  A blink frog (Lair:3)
  4 yaks (Lair:5)
6 creatures vanquished.

Grand Total: 928 creatures vanquished

Notes
Turn   | Place    | Note
-------+----------+-------------------------------------------
     0 | D:1      | jejorda2 the Merfolk Berserker began the quest for the Orb.
     0 | D:1      | Reached XP level 1. HP: 18/18 MP: 1/1
   245 | D:1      | Reached XP level 2. HP: 24/24 MP: 2/2
   742 | D:1      | Reached skill level 5 in Polearms
  1028 | D:2      | Reached XP level 3. HP: 15/30 MP: 3/3
  1143 | D:2      | Noticed Jessica
  1151 | D:2      | Killed Jessica
  1153 | D:2      | Reached XP level 4. HP: 37/37 MP: 4/4
  1606 | D:2      | Reached ** piety under Trog
  1641 | D:2      | Noticed Terence
  1649 | D:2      | Killed Terence
  1650 | D:2      | Reached skill level 6 in Polearms
  2076 | D:3      | Reached XP level 5. HP: 43/43 MP: 5/5
  2780 | D:3      | Found Fiph's Weapon Shop.
  2852 | D:4      | Reached skill level 7 in Polearms
  2852 | D:4      | Reached XP level 6. HP: 34/49 MP: 6/6
  3246 | D:4      | Reached skill level 5 in Fighting
  3280 | D:4      | Found a snail-covered altar of Cheibriados.
  3347 | D:4      | Reached XP level 7. HP: 45/56 MP: 7/7
  3350 | D:4      | Reached skill level 8 in Polearms
  3433 | D:4      | Found an iron altar of Okawaru.
  3777 | D:5      | Entered Level 5 of the Dungeon
  3976 | D:5      | You fall into a shaft and drop 2 floors!
  4028 | D:6      | Reached skill level 9 in Polearms
  4032 | D:6      | Reached XP level 8. HP: 52/64 MP: 8/8
  4201 | D:6      | Found a basalt altar of Yredelemnul.
  4206 | D:6      | Reached skill level 10 in Polearms
  4401 | D:6      | Reached *** piety under Trog
  4407 | D:6      | Found a sparkling altar of Nemelex Xobeh.
  4494 | D:6      | Reached skill level 11 in Polearms
  4566 | D:6      | Found a blossoming altar of Fedhas.
  4643 | D:6      | Found a sacrificial altar of Ru.
  4850 | D:6      | Found a bloodstained altar of Trog.
  4932 | D:5      | Reached XP level 9. HP: 64/69 MP: 9/9
  5105 | D:5      | Reached skill level 12 in Polearms
  5581 | D:5      | Reached skill level 5 in Armour
  5753 | D:5      | Reached skill level 13 in Polearms
  5883 | D:5      | Reached **** piety under Trog
  6467 | D:5      | Reached ***** piety under Trog
  6468 | D:5      | Reached skill level 14 in Polearms
  7035 | D:7      | Reached XP level 10. HP: 72/76 MP: 10/10
  7063 | D:7      | Received a gift from Trog
  7236 | D:7      | Found a shadowy altar of Dithmenos.
  7390 | D:7      | Found a staircase to the Ecumenical Temple.
  7868 | D:7      | Reached skill level 15 in Polearms
  7948 | D:7      | Found a white marble altar of Elyvilon.
  8057 | D:8      | Found a stormy altar of Qazlal.
  8058 | D:8      | Identified the +0 robe of the Foremost Suns {Contam rPois
                  | Int+3}
  8453 | D:8      | Reached skill level 16 in Polearms
  8669 | D:8      | Noticed a catoblepas
  8684 | D:8      | Killed a catoblepas
  8689 | D:8      | Reached skill level 17 in Polearms
  8908 | D:8      | Noticed Erica
  8925 | D:8      | Killed Erica
  8926 | D:8      | Reached skill level 18 in Polearms
  8926 | D:8      | Reached XP level 11. HP: 64/81 MP: 11/11
  8978 | D:8      | Found an opulent altar of Gozag.
  9054 | D:8      | Noticed Psyche
  9059 | D:8      | Killed Psyche
  9064 | D:8      | Found a broken altar of Ashenzari.
  9266 | D:8      | Noticed a centaur warrior
  9273 | D:8      | Killed a centaur warrior
  9442 | D:8      | Found a staircase to the Lair.
  9488 | D:8      | Noticed Amaemon
  9504 | D:8      | Killed Amaemon
  9505 | D:8      | Reached skill level 19 in Polearms
  9988 | D:9      | Found a shimmering altar of Xom.
 10211 | D:9      | Found a radiant altar of Vehumet.
 10212 | D:9      | Found a shimmering blue altar of Sif Muna.
 10238 | D:9      | Reached skill level 1 in Throwing
 10296 | D:9      | Found Lepoklo's Jewellery Shoppe.
 10314 | D:9      | Identified the +8 rapier of the Common Good {pain, *Noise
                  | Int+2 SInv}
 10588 | D:9      | Noticed a cyclops
 10603 | D:9      | Killed a cyclops
 10766 | D:9      | Reached skill level 20 in Polearms
 10856 | D:10     | Entered Level 10 of the Dungeon
 10856 | D:10     | Found a burning altar of Makhleb.
 11000 | D:10     | Noticed a two-headed ogre
 11014 | D:10     | Killed a two-headed ogre
 11282 | D:10     | Noticed a two-headed ogre
 11290 | D:10     | Killed a two-headed ogre
 11291 | D:10     | Reached XP level 12. HP: 78/92 MP: 12/12
 11365 | D:10     | Received a gift from Trog
 11853 | D:11     | Found a portal to a secret trove of treasure.
 11955 | D:11     | Reached skill level 5 in Throwing
 12311 | D:11     | Found a staircase to the Orcish Mines.
 12502 | Orc:1    | Entered Level 1 of the Orcish Mines
 12510 | Orc:1    | Found a bloodstained altar of Trog.
 12546 | Orc:2    | Entered Level 2 of the Orcish Mines
 12546 | Orc:2    | Found a staircase to the Elven Halls.
 12560 | Orc:2    | Found Liblol's Book Emporium.
 12710 | Orc:1    | Found a dark tunnel.
 12754 | Volcano  | Entered a volcano
 12867 | Volcano  | Noticed a centaur warrior
 12867 | Volcano  | Noticed a hell knight
 12873 | Volcano  | Killed a centaur warrior
 12877 | Volcano  | Killed a hell knight
 12879 | Volcano  | Reached skill level 10 in Fighting
 12916 | Volcano  | Found a radiant altar of Vehumet.
 13022 | Volcano  | Received a gift from Trog
 13215 | Orc:1    | Noticed Harold
 13232 | Orc:1    | Killed Harold
 13635 | Lair:1   | Entered Level 1 of the Lair of Beasts
 13770 | Lair:1   | Identified the +8 arbalest of the Coin {freeze, rF+}
 13962 | Lair:1   | Found a runed translucent door.
 13963 | Lair:1   | Found a shimmering altar of Xom.
 13963 | Lair:1   | Noticed adizb's ghost (novice DgFE)
 13964 | Lair:1   | Noticed a +0 rapier of chaos
 13996 | Lair:1   | Killed a +0 rapier of chaos
 14015 | Lair:1   | Killed adizb's ghost
 14016 | Lair:1   | Reached XP level 13. HP: 105/105 MP: 13/13
 14025 | Lair:1   | Identified 2 scrolls of acquirement
 14025 | Lair:1   | Acquired the amulet "Eguysche" {Faith rElec rF+ Str+2}
 14026 | Lair:1   | Acquired a manual of Fighting
 14813 | Lair:1   | Reached XP level 14. HP: 113/115 MP: 14/14
 15757 | Lair:3   | Reached skill level 1 in Evocations
 15875 | Lair:3   | Found a staircase to the Swamp.
 16467 | Lair:3   | Reached skill level 15 in Fighting
 16802 | Lair:3   | Found a hole to the Spider Nest.
 17070 | Lair:4   | Reached skill level 5 in Evocations
 17448 | Lair:4   | Found a staircase to the Slime Pits.
 17709 | Lair:4   | Received a gift from Trog
 17801 | Lair:4   | Reached XP level 15. HP: 91/131 MP: 15/15
 18004 | Lair:4   | Noticed Nessos
 18015 | Lair:4   | Killed Nessos
 18350 | Lair:5   | Entered Level 5 of the Lair of Beasts
 18619 | Lair:5   | Reached skill level 21 in Polearms
 18860 | Lair:5   | Received a gift from Trog
 19367 | Lair:5   | Reached skill level 22 in Polearms
 19367 | Lair:5   | Reached XP level 16. HP: 138/138 MP: 16/16
 20102 | D:12     | Noticed Erolcha
 20119 | D:12     | Killed Erolcha
 20214 | D:12     | Reached skill level 23 in Polearms
 21174 | D:13     | Received a gift from Trog
 21191 | D:13     | Found a frozen archway.
 21212 | IceCv    | Entered an ice cave
 22006 | IceCv    | Identified the ring "Odougiu" {rC++ Will+}
 22422 | D:13     | Found a blossoming altar of Fedhas.
 22604 | D:13     | Reached skill level 24 in Polearms
 22729 | D:14     | Reached XP level 17. HP: 144/144 MP: 17/17
 22763 | D:14     | Identified the +8 halberd of Starshine {heavy, Contam
                  | Str+6} (Trog gifted it to you on level 14 of the Dungeon)
 22763 | D:14     | Received a gift from Trog
 22916 | D:14     | Found a gate to the Vaults.
 23540 | D:15     | Entered Level 15 of the Dungeon
 23862 | D:15     | Found a staircase to the Depths.
 24962 | Orc:2    | Reached skill level 10 in Armour
 24974 | Orc:2    | Found an ancient bone altar of Kikubaaqudgha.
 25000 | Orc:2    | Found Latah's Antique Weapon Shoppe.
 25027 | Orc:2    | Found a radiant altar of Vehumet.
 25068 | Orc:2    | Bought a crystal spear for 248 gold pieces
 25068 | Orc:2    | Identified the +2 spear "Hameg" {drain, rElec Will+} (You
                  | bought it in a shop on level 2 of the Orcish Mines)
 25093 | Orc:2    | Received a gift from Trog
 25131 | Orc:2    | Reached ****** piety under Trog
 25146 | Orc:2    | Found Ycadwitz's Antique Armour Emporium.
 25214 | Orc:2    | Found Wurhogam's Jewellery Emporium.
 25275 | Orc:2    | Found Joevutei's Magic Scroll Shoppe.
 25663 | Orc:2    | Bought a glimmering plate armour for 1064 gold pieces
 25663 | Orc:2    | Identified the +13 plate armour of Dishonour {Int+2} (You
                  | bought it in a shop on level 2 of the Orcish Mines)
 25677 | Orc:2    | Bought a translucent helmet for 361 gold pieces
 25677 | Orc:2    | Identified the +1 helmet "Dataof" {rPois rC+} (You bought
                  | it in a shop on level 2 of the Orcish Mines)
 25677 | Orc:2    | Bought a glowing cloak for 285 gold pieces
 26059 | Spider:1 | Entered Level 1 of the Spider Nest
 27163 | Spider:1 | Received a gift from Trog
 27638 | Spider:1 | Reached XP level 18. HP: 146/151 MP: 18/18
 27698 | Spider:1 | Found a transporter.
 27701 | Spider:1 | Found a transporter.
 27746 | Spider:1 | Got the +2 pair of boots of Chimes {rF- Will+ Str+3 Int+3}
 28907 | Spider:2 | Reached skill level 15 in Throwing
 28954 | Spider:2 | Identified the ring of Xaigearphe {*Corrode Fly rPois rN+
                  | Int+3}
 29371 | Spider:3 | Found a transporter.
 29371 | Spider:3 | Found a transporter.
 29405 | Spider:3 | Received a gift from Trog
 29506 | Spider:3 | Identified the +4 long sword "Zin Wav" {pain, rPois rF+
                  | MP+9 Int-5}
 30751 | Spider:3 | HP: 3/231 [emperor scorpion (9)]
 30752 | Spider:3 | Killed by an exploding jorogumo... ignited by their inner
                  | flame

Illustrated notes

Levels and vault maps discovered:
D:1:      evilmike_arrival_plus, layout_basic
D:2:      layout_basic, serial_bayou, serial_bayou_crossing,
          serial_bayou_pond_a, serial_bayou_pond_c, serial_bayou_pond_d,
          amcnicky_mini_rare_corridor_liquid, minivault_25, minmay_misc_feat_x,
          uniq_jessica, uniq_terence
D:3:      layout_basic, serial_shops, nicolae_shop_window_shopping,
          corexii_corridor_pit
D:4:      layout_rooms, kennysheep_mini, lemuel_crystal_altar
D:5:      lemuel_castle_with_subvaults [lemuel_castle_interior_original],
          layout_loops_ring, serial_bayou_pond_e, nicolae_grassy_gnolls
D:6:      layout_cave_pools, mainiacjoe_overflow_paths, lemuel_tele_altar,
          lightli_temple_of_fire, mainiacjoe_overflow_brackets,
          nemelex_dance_club_becter
D:7:      layout_loops_ring, nicolae_dithmenos_through_a_glass_darkly,
          nicolae_elyvilon_temple_path, minmay_temple_entry_junction
D:8:      minmay_imperfect_grid, layout_basic, mainiacjoe_overflow_alcove_1,
          grunt_qazlal_sundering, old_standard_altar, lair_entry_dummy,
          uniq_amaemon, uniq_psyche, uniq_erica
D:9:      layout_basic, led_xom_imps, gammafunk_temple_overflow_pools,
          serial_shops, shop, roderic_serpentine_path, minmay_sticks_and_stones
D:10:     minmay_angry_zag, layout_small_grid, bloody_makhleb,
          corexii_corridor_pit
D:11:     layout_roguey, orc_0_dummy, enter_trove_0
D:12:     layout_loops_ring, hangedman_abyss_or_decor_jellyfish_corner,
          uniq_erolcha
D:13:     layout_loops_ring, serial_ice, serial_ice_h, serial_ice_c,
          serial_ice_b, serial_ice_n, serial_ice_g, serial_ice_f,
          portal_ice_cave_demonic_guard, fedhas_bush_and_centaur_altar
D:14:     layout_rooms, erik_vaults_2
D:15:     grunt_enter_depths_hoard, layout_basic
Lair:1:   layout_cellular_growth, ebering_ghost_xom, serial_bayou_shore_b
Lair:2:   layout_cave_pods, serial_bayou_shore_b
Lair:3:   layout_cave_pods, nicolae_swamp_entry_splash_gauntlet,
          spider_nest_entry_web_field
Lair:4:   beast_lair_carwin_large_3, layout_small_grid,
          nicolae_slime_entry_field_trip, nicolae_lair_grove_arrangements,
          lookout_lair_type, kennysheep_rathole, uniq_nessos
Lair:5:   gammafunk_lair_ancient_temple, layout_regular_city, st_stairs_9
Spider:1: gammafunk_boulding_lane
Spider:2: layout_chambers, nicolae_spider_eight_legs
Spider:3: gammafunk_sealed_arena
Orc:1:    layout_diamond_mine, basic_altar, enter_volcano_3,
          nicolae_orc_crystal_geode, uniq_harold
Orc:2:    kennysheep_orc_mage_school, layout_caves, serial_shops, shop

Skill      XL: |  1  2  3  4  5  6  7  8  9 10 11 12 13 14 15 16 17 18 |
---------------+-------------------------------------------------------+-----
Polearms       | 5 6 7 9 11 14 18 20 22 24 | 24.0
Fighting       | 4 5 6 7 10 12 16 17 | 17.0
Armour         | 2 3 4 5 6 7 8 11 | 11.3
Throwing       | 4 8 11 12 13 15 | 15.6
Evocations     | 6 7 |  7.0
Dodging        | |  2.6

Action                     |  1- 3 |  4- 6 |  7- 9 | 10-12 | 13-15 | 16-18 || total
---------------------------+-------+-------+-------+-------+-------+-------++-------
  Melee: Spear             |    88 |   227 |   124 |       |       |       ||   439
         Tailslap          |     1 |       |    20 |       |     6 |       ||    27
         Punch             |       |     2 |     3 |       |       |       ||     5
         Trident           |       |       |   308 |       |       |       ||   308
         Halberd           |       |       |   111 |    23 |       |       ||   134
         Glaive            |       |       |       |   681 |   427 |       ||  1108
         Bardiche          |       |       |       |       |   181 |   973 ||  1154
  Throw: Stone             |       |     4 |    11 |     9 |       |       ||    24
         Dart              |       |       |       |    21 |    54 |    92 ||   167
         Javelin           |       |       |       |     2 |       |       ||     2
         Boomerang         |       |       |       |       |     4 |       ||     4
         Throwing net      |       |       |       |       |     2 |       ||     2
 Invoke: Berserk           |     1 |     5 |     9 |     7 |     5 |     8 ||    35
         Trog's Hand       |       |     1 |     4 |     8 |     4 |     5 ||    22
         Brothers in Arms  |       |       |       |     1 |     2 |       ||     3
  Evoke: Wand              |       |       |       |     2 |       |    20 ||    22
    Use: Scroll            |       |       |    15 |    11 |     4 |     9 ||    39
         Potion            |       |       |       |     2 |     4 |     1 ||     7
   Stab: Distracted        |       |       |       |     1 |     1 |       ||     2
         Petrifying        |       |       |       |     1 |       |       ||     1
         Petrified         |       |       |       |       |     8 |       ||     8
         Held in net/web   |       |       |       |       |     1 |       ||     1
 Armour: Scale mail        |    14 |     2 |       |       |       |       ||    16
         Plate armour      |       |    86 |   208 |   259 |   307 |   772 ||  1632
  Dodge: Dodged            |    27 |    46 |   100 |   197 |   217 |   275 ||   862
